 Dungeon Crawl Stone Soup version 0.25-a0-719-gde951dce62 (webtiles) character file.

Game seed: 3772590529193078976, levelgen mode: deterministic

97 kae the Ruffian (level 4, 0/35 HPs)
             Began as a Draconian Transmuter on Apr 6, 2020.
             Succumbed to a gnoll's poison
             ... on level 3 of the Dungeon.
             The game lasted 00:01:37 (1829 turns).

kae the Ruffian (Draconian Transmuter)              Turns: 1829, Time: 00:01:38

Health: 0/35       AC:  5    Str: 14    XL:     4   Next: 42%
Magic:  7/8        EV: 12    Int: 13    God:
Gold:   147        SH:  0    Dex: 11    Spells: 2/8 levels left

rFire    . . .     SeeInvis .   j - +3 short sword (elec)
rCold    + . .     Gourm    .   (no shield)
rNeg     . . .     Faith    .   (armour unavailable)
rPois    .         Spirit   .   (helmet restricted)
rElec    .         Reflect  .   (no cloak)
rCorr    .         Harm     .   (no gloves)
MR       .....                  (no boots)
Stlth    +.........             (no amulet)
HPRegen  0.11/turn              d - ring of protection from cold
MPRegen  0.11/turn              (no ring)

@: lethally poisoned (0 -> -18), hasted, invisible, very quick
A: unfitting armour, cold-blooded, AC +5
a: no special abilities


You were on level 3 of the Dungeon.
You were near starving.

You visited 1 branch of the dungeon, and saw 3 of its levels.

You collected 147 gold pieces.

Inventory:

Hand Weapons
 j - a +3 short sword of electrocution (weapon)
Missiles
 a - 62 arrows
Jewellery
 d - a ring of protection from cold (left hand)
Wands
 l - a wand of iceblast (8)
Scrolls
 b - 2 scrolls of remove curse
 f - 4 scrolls of identify
 g - a scroll of amnesia {unknown}
 i - a scroll of teleportation {unknown}
Potions
 e - a potion of mutation
Comestibles
 c - 4 rations


   Skills:
 - Level 1.1 Fighting
 - Level 1.7 Dodging
 * Level 4.3 Unarmed Combat
 + Level 2.7 Spellcasting
 + Level 2.8 Transmutations


You had 2 spell levels left.
You knew the following spells:

 Your Spells              Type           Power        Failure   Level  Hunger
a - Beastly Appendage     Tmut           #.....       8%          1    #......
b - Sticks to Snakes      Tmut           #.......     11%         2    ###....
c - Spider Form           Tmut/Pois      #.........   36%         3    ###....

Your spell library contained the following spells:

 Spells                   Type           Power        Failure   Level  Hunger
 Ice Form                 Ice/Tmut       #.......     78%         4    #####..
 Blade Hands              Tmut           #.........   90%         5    ######.


Dungeon Overview and Level Annotations

Branches:
Dungeon (3/15)

Altars:


Innate Abilities, Weirdness & Mutations

Your plain brown scales are hard. (AC +5)
You cannot fit into any form of body armour.
You are cold-blooded and may be slowed by cold attacks.


Message History

The gnoll hits you with a +2 spear of venom!
* * * LOW HITPOINT WARNING * * *
You are lethally poisoned!
Your transformation has ended.
Your +3 short sword of electrocution unmelds from your body.
You hear the crackle of electricity.
* * * LOW HITPOINT WARNING * * *
You feel sick. The gnoll closely misses you.
You see here a hobgoblin corpse.
* * * LOW HITPOINT WARNING * * *
You feel sick.
* * * LOW HITPOINT WARNING * * *
You feel sick.
It was a potion of haste.
You feel yourself speed up.
* * * LOW HITPOINT WARNING * * *
You feel sick.
It was a potion of invisibility.
You fade into invisibility!
You are near starving!
You die...

#......#
######......#
............#
#####......#
#......#
#<.....#
##..####
#(.## #@##
#.# # #g# #.#
#g#
.#...######g#
......(.g...#
####..K#####
###.......%
##.g......g.#


You could see 3 gnolls.

Vanquished Creatures
  Jessica (D:2)
  Terence (D:2)
  A gnoll (D:3)
  A dart slug (D:2)
  2 bats (D:1)
  2 giant cockroaches (D:1)
  6 goblins
  2 hobgoblins
  5 jackals (D:1)
  4 kobolds
  A quokka (D:2)
  4 frilled lizards (D:1)
  3 rats
33 creatures vanquished.

Notes
Turn   | Place    | Note
-------+----------+-------------------------------------------
     0 | D:1      | kae the Draconian Transmuter began the quest for the Orb.
     0 | D:1      | Reached XP level 1. HP: 16/16 MP: 3/3
    92 | D:1      | Reached XP level 2. HP: 12/23 MP: 3/5
   938 | D:2      | Learned a level 2 spell: Sticks to Snakes
   972 | D:2      | Reached XP level 3. HP: 26/28 MP: 4/6
   977 | D:2      | Learned a level 3 spell: Spider Form
  1089 | D:2      | Noticed Jessica
  1095 | D:2      | Noticed Terence
  1096 | D:2      | Killed Jessica
  1096 | D:2      | Reached skill level 4 in Unarmed Combat
  1107 | D:2      | Killed Terence
  1107 | D:2      | Reached XP level 4. HP: 5/35 MP: 4/8
  1828 | D:3      | HP: 1/35 [poisoned by a gnoll]
  1829 | D:3      | Succumbed to a gnoll's poison

Levels and vault maps discovered:
D:1:      ebering_trefoil_3fold, layout_basic, serial_rivers,
          chequers_serial_rivers_room_a, chequers_serial_rivers_marsh,
          chequers_serial_rivers_micro_c, chequers_serial_rivers_large_a,
          chequers_serial_rivers_micro_c, chequers_serial_rivers_room_a
D:2:      layout_loops_ring, first_ration, uniq_terence, uniq_jessica
D:3:      kennysheep_the_goblin_king, layout_rooms, mrwooster_statue_mirror,
          hangedman_abyss_or_decor_lesser_grid

Skill      XL: |  1  2  3 |
---------------+----------+-----
Unarmed Combat | 4 |  4.3
Fighting       | |  1.1
Dodging        | |  1.7
Spellcasting   | |  2.7
Transmutations | |  2.8

Action                   |  1- 3 |  4- 6 || total
-------------------------+-------+-------++-------
Melee: Unarmed           |   102 |    12 ||   114
       Headbutt          |     4 |       ||     4
       Tailslap          |     3 |       ||     3
       Kick              |     5 |       ||     5
       Punch             |     2 |       ||     2
       Short sword       |       |     8 ||     8
 Cast: Beastly Appendage |    11 |     1 ||    12
       Spider Form       |     1 |     1 ||     2
  Use: Scroll            |     4 |       ||     4
       Potion            |       |     2 ||     2
  Eat: Chunk             |       |     2 ||     2
Armor: Skin              |    34 |     3 ||    37
Dodge: Dodged            |    63 |    22 ||    85

Table legend:
 A = Non-vault XP
 B = Vault XP
 C = Vault XP percentage of total XP
 D = Non-vault monster count
 E = Vault monster count
 F = Vault count percentage of total count
                 A         B        C        D         E       F
            +---------+---------+-------+---------+---------+-------
      Total |      66 |      73 |  52.5 |      31 |       2 |   6.1
            +---------+---------+-------+---------+---------+-------
        D:1 |      38 |       0 |   0.0 |      22 |       0 |   0.0
        D:2 |      10 |      73 |  88.0 |       6 |       2 |  25.0
        D:3 |      18 |       0 |   0.0 |       3 |       0 |   0.0
            +---------+---------+-------+---------+---------+-------
